 Dungeon Crawl Stone Soup version 0.28.0-45-g0d030f2227 (webtiles) character file.

Game seed: 4921132309305998706

68028 Faeu the Tortoise (level 14, -12/119 HPs)
             Began as a Minotaur Fighter on Apr 4, 2022.
             Was a High Priest of Hepliaklqana.
             Collided with a rock wall (17 damage)
             ... caused by a merfolk aquamancer
             ... on level 1 of the Shoals on Apr 5, 2022.
             The game lasted 03:42:00 (28369 turns).

Faeu the Tortoise (Minotaur Fighter)               Turns: 28369, Time: 03:42:01

Health: -12/119    AC: 27    Str: 26    XL:     14   Next: 85%
Magic:  13/13      EV: 11    Int:  5    God:    Hepliaklqana [*****.]
Gold:   1072       SH:  5    Dex: 10    Spells: 13/13 levels left

rFire   x . .      SeeInvis .   m - +3 battleaxe (flame) {axe}
rCold   + . .      Faith    .   (shield currently unavailable)
rNeg    . . .      Spirit   .   w - +0 plate armour
rPois   .          Reflect  +   (helmet restricted)
rElec   .          Harm     .   (no cloak)
rCorr   .          Rampage  .   S - +2 pair of gloves
Will    +....                   o - +1 pair of boots
Stlth   ..........              b - amulet of reflection
HPRegen 0.29/turn               V - ring of ice
MPRegen 0.13/turn               g - +4 ring of protection

@: studying Slings
A: reduced essence, horns 2, retaliatory headbutt
a: Renounce Religion, Ancestor Life: Knight, Ancestor Life: Battlemage, Ancestor
Life: Hexer, Recall Ancestor, Ancestor Identity, Transference, Idealise


You were on level 1 of the Shoals.
You worshipped Hepliaklqana.
Hepliaklqana was extremely pleased with you.
You visited 5 branches of the dungeon, and saw 22 of its levels.

You collected 1303 gold pieces.
You spent 231 gold pieces at shops.


Innate Abilities, Weirdness & Mutations

Your life essence is reduced to manifest your ancestor. (-10% HP)
You have a pair of horns on your head.
You reflexively headbutt those who attack you in melee.


   Skills:
 + Level 14.9 Fighting
 + Level 14.8 Axes
 - Level 7.0 Throwing
 + Level 15.0 Armour
 - Level 11.6 Dodging
 - Level 13.0 Shields


You had 13 spell levels left.
You didn't know any spells.
Your spell library contained the following spells:

 Spells                   Type           Power      Damage    Failure   Level
 Scorch                   Fire           0%         2d5       99%         2
 Ozocubu's Armour         Ice            0%         N/A       100%        3
 Flame Wave               Conj/Fire      0%         2d4       100%        4
 Olgreb's Toxic Radiance  Pois           0%         N/A       100%        4
 Iskenderun's Battlesphe  Conj           0%         2d6       100%        5
 Metabolic Englaciation   Hex/Ice        0%         N/A       100%        5
 Iron Shot                Conj/Erth      0%         9d1       100%        6
 Simulacrum               Ice/Necr       0%         N/A       100%        6
 Summon Cactus Giant      Summ           0%         N/A       100%        6
 Ozocubu's Refrigeration  Ice            0%         4d5       100%        7
 Spellforged Servitor     Conj/Summ      0%         N/A       100%        7
 Ignition                 Fire           0%         3d3       100%        8

Inventory:

Hand Weapons
 a - a +0 war axe {axe}
 m - a +3 battleaxe of flaming (weapon) {axe}
   (You took it off Urug on level 2 of the Lair of Beasts)
 J - the +10 dark maul {vorpal}
   (You took it off a two-headed ogre on level 8 of the Dungeon)

   It inflicts extra damage upon your enemies.
 M - a +6 spear of venom {polearm}
   (You took it off a gnoll sergeant on level 8 of the Dungeon)
Missiles
 q - 13 poisoned darts (quivered) {throwing}
 H - 9 boomerangs {throwing}
 K - 4 curare-tipped darts {=fthrowing}
 L - a throwing net {=f!fthrowing}
 X - 4 silver javelins {throwing}
 Z - 8 javelins {throwing}
Armour
 o - a +1 pair of boots (worn)
   (You found it on level 3 of the Dungeon)
 w - a +0 plate armour (worn)
   (You took it off an orc warrior on level 6 of the Dungeon)
 B - the +2 robe of Besillaumi {Rampage rF+ rCorr SInv}
   (You found it on level 1 of the Lair of Beasts)

   rF:        It protects you from fire.
   SInv:      It lets you see invisible.
   rCorr:     It protects you from acid and corrosion.
   Rampage:   It bestows one free step when moving towards enemies.
 D - a +0 kite shield
   (You took it off a gnoll sergeant on level 7 of the Dungeon)
 O - a +2 robe of cold resistance
   (You took it off Fannar on level 12 of the Dungeon)
 Q - +0 acid dragon scales
   (You found it on level 10 of the Dungeon)
 S - a +2 pair of gloves (worn)
   (You bought it in a shop on level 10 of the Dungeon)
Jewellery
 b - an amulet of reflection (around neck)
   (You found it on level 5 of the Lair of Beasts)
 g - a +4 ring of protection (right hand)
   (You found it on level 8 of the Dungeon)
 p - a ring of protection from fire
   (You found it on level 3 of the Dungeon)
 F - a ring of flight
   (You found it on level 8 of the Dungeon)
 I - a +4 ring of evasion
   (You found it on level 8 of the Dungeon)
 V - a ring of ice (left hand)
   (You took it off Fannar on level 12 of the Dungeon)
 W - a +6 ring of strength
   (You found it on level 1 of the Shoals)
Wands
 i - a wand of charming (2)
   (You took it off an orc on level 9 of the Dungeon)
 k - a wand of polymorph (18)
   (You found it on level 2 of the Dungeon)
 y - a wand of paralysis (14)
   (You found it on level 5 of the Dungeon)
 C - a wand of flame (2)
   (You found it on level 6 of the Dungeon)
 N - a wand of acid (4)
   (You found it on level 1 of the Shoals)
 R - a wand of iceblast (8)
   (You found it on level 10 of the Dungeon)
Scrolls
 e - 5 scrolls of blinking {!r}
 h - 5 scrolls of teleportation {@r4}
 j - 6 scrolls of noise {!r}
 n - 2 scrolls of amnesia
 r - a scroll of holy word
 t - 2 scrolls of magic mapping {!r}
 u - 3 scrolls of fear
 z - 2 scrolls of torment {!r}
 G - a scroll of silence {!r}
 Y - 4 scrolls of identify {@r1}
Potions
 c - 2 potions of heal wounds {@q2}
 d - 2 potions of might
 l - 2 potions of attraction {!q}
 s - 4 potions of brilliance
 v - 5 potions of mutation {!q}
 A - a potion of magic
 E - 3 potions of flight
 P - 5 potions of curing {@q1}
 T - 3 potions of cancellation
 U - a potion of haste {@q3}
Miscellaneous
 f - a box of beasts
   (You found it on level 5 of the Lair of Beasts)
 x - a tin of tremorstones (2/2) {throwing}
   (You found it on level 1 of the Lair of Beasts)

Dungeon Overview and Level Annotations

Branches:
Dungeon (12/15)            Temple (1/1) D:7            Lair (6/6) D:10
 Shoals (2/4) Lair:2        Slime (1/5) Lair:6          Orc (0/2) D:11
  Snake: Lair:2-4    Spider: Lair:2-4

Altars:
Ashenzari
Cheibriados
Dithmenos
Elyvilon
Fedhas
Gozag
Hepliaklqana
Kikubaaqudgha
Makhleb
Nemelex Xobeh
Okawaru
Qazlal
Ru
Sif Muna
Trog
Uskayaw
Vehumet
Wu Jian
Xom
Yredelemnul
Zin
The Shining One
Jiyva

Shops:
D:3 (   D:6 ?   D:10 [   D:11 :

Annotations:
Lair:3 Rupert
Lair:6 fire dragon 1 runed translucent door
Shoals:2 Ilsuiw

#≈≈≈≈≈≈≈....## #......##..≈≈≈≈≈
#≈≈≈≈≈≈≈....####.....###..≈≈≈≈.
#≈≈≈≈≈≈.......#......≈.........
#≈≈≈≈≈≈≈..........≈.≈≈.........
#≈≈≈≈≈≈≈...........≈≈≈≈≈.≈.....
#≈≈≈≈≈≈≈≈...#####....≈.........
#≈≈≈≈≈≈≈..### #..............
#≈≈≈≈≈≈≈.## ####..............
#≈≈≈≈≈≈≈..## #@##..............
#≈≈≈≈≈≈≈≈..###.m#..............
#≈≈≈≈≈≈≈≈.>....R((.............
#≈≈≈≈≈≈≈≈≈≈≈≈≈..#..............
#≈≈≈≈≈≈≈≈≈≈≈≈≈..#........#...#.
#≈≈≈≈≈≈≈≈≈≈≈≈≈≈≈..........≈≈≈..
#≈≈≈≈≈≈≈≈≈≈≈≈≈≈≈......≈≈..≈≈≈..
#≈≈≈≈≈≈≈≈≈≈≈≈≈≈≈≈≈...)≈≈..≈≈≈..
≈≈≈≈≈≈≈≈≈≈≈≈≈≈≈≈≈≈≈≈≈.#...#.


You could see the friendly Huemac the ancestor and a merfolk aquamancer
(extremely poisoned, ally target).


Message History

Aim: Disturbance You throw a poisoned dart {throwing}.
You hear a splash.
The merfolk javelineer throws a silver javelin.
The silver javelin barely misses you.
The merfolk siren chants its luring song. x3
You cannot move away from the merfolk siren!
Something hits you.
* * * LOW HITPOINT WARNING * * *
The merfolk siren chants its luring song.
The merfolk javelineer throws a silver javelin.
The silver javelin pierces through you!
* * * LOW HITPOINT WARNING * * *
x2 The merfolk siren chants its luring song. x2
Something hits you but does no damage.
The merfolk siren chants its luring song. x2
The merfolk javelineer throws a silver javelin.
The silver javelin pierces through you but does no damage.
* * * LOW HITPOINT WARNING * * *
The merfolk siren chants its luring song. 😱 HP[-15]
You take 15 damage, and now have 23/119 hp.
Your unstable footing causes you to fumble your attack.
Your surroundings suddenly seem different.
Splash!
A merfolk and a merfolk impaler come into view.
The merfolk impaler is wielding a +4 antimagic trident.
You break out of your daze!
The merfolk impaler shouts!
A sea snake comes into view.
The sea snake hisses angrily.
A manticore comes into view.
There is a stone staircase leading up here.
You can't go down here!
You can't go down here!
You can't go down here!
You can't go down here!
The merfolk hits you from afar with a +0 trident.
* * * LOW HITPOINT WARNING * * *
The merfolk impaler hits you from afar with a +4 antimagic trident!
* * * LOW HITPOINT WARNING * * *
You feel your power leaking away.
You climb upwards.
Reactivating autopickup.
There is a stone staircase leading down here. 😱 HP[-21] MP[-11]
You take 21 damage, and now have 2/119 hp.
You lost 11 mp, and now have 2/13 mp.
You enter the shallow water.
Moving in this stuff is going to be slow. 😱 HP[+1]
You start resting.
Huemac emerges from the mists of memory! 😱 HP[+10] MP[+5]
You regained 10 hp, and now have 13/119 hp.
You regained 5 mp, and now have 7/13 mp.
You start resting.
Magic restored.
A merfolk aquamancer comes into view.
It is wielding a +0 rapier of protection. 😱 HP[+13] MP[+6]
You regained 13 hp, and now have 26/119 hp.
Your mp is fully restored (13).
Throw: 16 darts (poison) {throwing}
Press: ? - help, Q - select action, (/) - cycle Shift-Dir - straight line, f - merfolk aquamancer
Aim: a merfolk aquamancer, wielding a +0 rapier of protection and wearing a +0 robe (61% to hit)
You throw a poisoned dart {throwing}.
The poisoned dart {throwing} hits the merfolk aquamancer!
The merfolk aquamancer is poisoned.
Throw: 15 darts (poison) {throwing}
Press: ? - help, Q - select action, (/) - cycle Shift-Dir - straight line, f/p - merfolk aquamancer
Aim: a merfolk aquamancer, wielding a +0 rapier of protection and wearing a +0 robe (lightly wounded, very poisoned, ally target, 61% to hit)
You throw a poisoned dart {throwing}.
The poisoned dart {throwing} hits the merfolk aquamancer!
The merfolk aquamancer looks as sick as possible!
Throw: 14 darts (poison) {throwing}
Press: ? - help, Q - select action, (/) - cycle Shift-Dir - straight line, f/p - merfolk aquamancer
Aim: a merfolk aquamancer, wielding a +0 rapier of protection and wearing a +0 robe (lightly wounded, extremely poisoned, ally target, 61% to hit)
You throw a poisoned dart {throwing}.
The poisoned dart {throwing} hits the merfolk aquamancer!
The merfolk aquamancer looks as sick as possible!
Huemac hits the merfolk aquamancer but does no damage. 😱 HP[+1] Throw: 13 darts (poison) {throwing}
Press: ? - help, Q - select action, (/) - cycle Shift-Dir - straight line, f/p - merfolk aquamancer
Aim: a merfolk aquamancer, wielding a +0 rapier of protection and wearing a +0 robe (lightly wounded, extremely poisoned, ally target, 61% to hit)
Okay, then.
You slice the merfolk aquamancer!! You burn the merfolk aquamancer.
Your headbutt misses the merfolk aquamancer.
The merfolk aquamancer gestures at you while chanting.
The torrent of water hits you!!
* * * LOW HITPOINT WARNING * * *
You are knocked back by the torrent of water.
You slam into the rock wall!
You die...

Skill      XL: |  1  2  3  4  5  6  7  8  9 10 11 12 13 14 |
---------------+-------------------------------------------+-----
Dodging        | 1 2 3 4 5 6 7 9 10 11 | 11.6
Fighting       | 4 5 6 7 9 10 11 13 14 | 14.9
Throwing       | 1 2 3 4 5 6 7 |  7.0
Armour         | 4 5 6 8 9 10 11 13 15 | 15.0
Shields        | 4 5 6 7 9 10 11 13 | 13.0
Axes           | 3 4 5 6 7 8 10 11 13 14 | 14.8

Action                   |  1- 3 |  4- 6 |  7- 9 | 10-12 | 13-15 || total
-------------------------+-------+-------+-------+-------+-------++-------
Melee: War axe           |    92 |    61 |   233 |       |    30 ||   416
       Headbutt          |    11 |     7 |    54 |   179 |   154 ||   405
       Spear             |       |       |    34 |   743 |   273 ||  1050
       Hunting sling     |       |       |     1 |       |       ||     1
       Maul              |       |       |       |     3 |    54 ||    57
       Battleaxe         |       |       |       |       |   285 ||   285
       Scimitar          |       |       |       |       |    27 ||    27
 Fire: Hunting sling     |       |       |     8 |       |       ||     8
Throw: Boomerang         |       |       |    29 |    21 |    19 ||    69
       Dart              |       |       |    14 |    20 |    15 ||    49
       Javelin           |       |       |       |       |     6 ||     6
Evoke: Wand              |       |       |     1 |     1 |       ||     2
  Use: Scroll            |       |       |     6 |    11 |     6 ||    23
       Potion            |       |       |     1 |       |     3 ||     4
 Stab: Distracted        |       |       |       |     2 |     3 ||     5
Armor: Scale mail        |    53 |     7 |       |       |       ||    60
       Chain mail        |       |    23 |   143 |       |       ||   166
       Plate armour      |       |       |    28 |   255 |   400 ||   683
Dodge: Dodged            |    57 |    33 |   130 |   321 |   467 ||  1008
Block: Buckler           |    17 |     9 |    66 |       |       ||    92
       Kite shield       |       |       |    23 |   304 |   193 ||   520
       Other             |       |       |       |       |   111 ||   111
       Reflection        |       |       |       |       |     3 ||     3

Levels and vault maps discovered:
D:1:      erik_arrival_triangle_medium, layout_basic
D:2:      wad_river_or_something, layout_basic, basic_altar,
          shapermc_ecumenical_altar_mp_ritualfount, serial_glass,
          glass_columns_a, glass_columns_b, glass_columns_a, glass_columns_b,
          feat_on_display
D:3:      layout_loops_ring, serial_shops, shop
D:4:      layout_basic, uniq_natasha, uniq_grinder
D:5:      layout_basic, nicolae_dithmenos_shadow_blocks,
          minmay_manual_monstrance, uniq_prince_ribbit1, uniq_eustachio
D:6:      layout_layer_cave, serial_shops, shop, serial_undead, serial_undead_d,
          serial_undead_e, serial_undead_b, serial_undead_a,
          hangedman_decor_growths, grunt_ministairs_14
D:7:      layout_basic, temple_fountains, chequers_avenue, nrook_pool_corridor
D:8:      layout_rooms, hellmonk_guarded_unrand_dark_maul
D:9:      layout_cave_pods, chequers_serial_rivers_small_b, minivault_24,
          uniq_erica
D:10:     layout_rooms, minmay_lair_entry_grove, serial_shops,
          nicolae_shop_advertising_works [nicolae_subvault_shop_adworks]
D:11:     layout_cave_pods, zombieorc2_lemuel, serial_shops, shop
D:12:     cheibrodos_magma_flow, layout_cave_pools, uniq_nergalle, uniq_nessos,
          uniq_sonja, uniq_fannar
Temple:   kilobyte_greek_temple
Lair:1:   layout_cave_shapes, grunt_megastairs_4
Lair:2:   layout_regular_city, elwin_shoals_entry_rocks,
          chequers_serial_rivers_micro_a
Lair:3:   layout_loops_ring, minmay_snake_entry_guardpost_small,
          guppyfry_lair_drakes, uniq_urug, uniq_rupert
Lair:4:   layout_regular_city, grunt_megastairs_2, infiniplex_staircase_pool_2
Lair:5:   layout_regular_city
Lair:6:   hangedman_lair_caniforms_friends, layout_gridlike, wormcave,
          dpeg_slime_entry_enclosed_altar
Shoals:1: cheibrodos_shoals_baths, layout_shoals,
          nicolae_shoals_kraken_intersection
Shoals:2: layout_shoals, st_sunken_temple, uniq_ilsuiw
Slime:1:  cheibrodos_slime_lost_civilization_8, layout_caves

Notes
Turn   | Place    | Note
-------+----------+-------------------------------------------
     0 | D:1      | Faeu the Minotaur Fighter began the quest for the Orb.
     0 | D:1      | Reached XP level 1. HP: 19/19 MP: 0/0
     0 | D:1      | magus.rc [v1.9.6]
   238 | D:1      | Reached XP level 2. HP: 26/27 MP: 1/1
   713 | D:2      | Found a shimmering blue altar of Sif Muna.
   745 | D:2      | Found a faded altar of an unknown god.
   842 | D:2      | Reached skill level 1 in Dodging
  1014 | D:2      | Reached XP level 3. HP: 33/33 MP: 2/2
  1138 | D:2      | Reached skill level 4 in Fighting
  1138 | D:2      | Reached skill level 1 in Throwing
  1138 | D:2      | Reached skill level 4 in Armour
  1138 | D:2      | Reached skill level 4 in Shields
  1197 | D:2      | You add the spells Olgreb's Toxic Radiance, Ozocubu's
                  | Refrigeration and Ignition to your library.
  1439 | D:2      | Reached skill level 3 in Axes
  2041 | D:3      | Reached XP level 4. HP: 40/40 MP: 3/3
  2209 | D:3      | Found Eshriekax's Weapon Emporium.
  2342 | D:3      | Noticed an ogre
  2347 | D:3      | Killed an ogre
  2348 | D:3      | Reached skill level 2 in Dodging
  2348 | D:3      | Reached XP level 5. HP: 47/47 MP: 4/4
  2667 | D:4      | Reached skill level 2 in Throwing
  2744 | D:4      | Noticed Grinder
  2749 | D:4      | Paralysed by Grinder for 4 turns
  2862 | D:4      | Reached skill level 4 in Axes
  2862 | D:4      | Reached XP level 6. HP: 53/53 MP: 5/5
  3030 | D:5      | Entered Level 5 of the Dungeon
  3032 | D:5      | Noticed Eustachio
  3155 | D:4      | Noticed Natasha
  3161 | D:4      | Killed Natasha
  3312 | D:4      | Noticed Natasha
  3315 | D:4      | Killed Natasha
  3338 | D:4      | Paralysed by Grinder for 4 turns
  3355 | D:4      | Paralysed by Grinder for 3 turns
  3358 | D:4      | Killed Grinder
  3359 | D:4      | Reached skill level 5 in Fighting
  3359 | D:4      | Reached skill level 5 in Armour
  3359 | D:4      | Reached skill level 3 in Dodging
  3359 | D:4      | Reached skill level 5 in Shields
  3359 | D:4      | Reached XP level 7. HP: 50/61 MP: 6/6
  3701 | D:4      | Noticed Natasha
  3709 | D:4      | Killed Natasha
  3930 | D:5      | Reached skill level 3 in Throwing
  4032 | D:6      | HP: 15/61 [howler monkey (3)]
  4053 | D:6      | HP: 13/61 [bullfrog (7)]
  4071 | D:6      | Reached skill level 5 in Axes
  4289 | D:6      | Reached skill level 4 in Dodging
  4319 | D:6      | Reached XP level 8. HP: 65/70 MP: 7/7
  4430 | D:6      | Reached skill level 6 in Armour
  4472 | D:5      | Reached skill level 6 in Fighting
  4472 | D:5      | Reached skill level 6 in Shields
  4833 | D:5      | You pick up a book of Winter and begin reading...
  4833 | D:5      | You add the spells Ozocubu's Armour, Metabolic Englaciation
                  | and Simulacrum to your library.
  4848 | D:5      | Noticed Prince Ribbit
  4878 | D:5      | Killed Prince Ribbit
  4879 | D:5      | Reached skill level 4 in Throwing
  4964 | D:5      | Killed Eustachio
  4965 | D:5      | Reached skill level 6 in Axes
  5301 | D:5      | Reached skill level 5 in Dodging
  5313 | D:5      | Found a shadowy altar of Dithmenos.
  5590 | D:6      | Reached XP level 9. HP: 78/78 MP: 8/8
  5877 | D:6      | Reached skill level 7 in Armour
  6199 | D:6      | Found Veiq Gith's Magic Scroll Emporium.
  6745 | D:7      | Reached skill level 7 in Fighting
  6883 | D:7      | Reached skill level 7 in Shields
  6930 | D:6      | HP: 11/79 [orc warrior/+0 long sword (11)]
  7718 | D:7      | Reached skill level 5 in Throwing
  8059 | D:7      | Reached skill level 7 in Axes
  8078 | D:7      | Found a staircase to the Ecumenical Temple.
  8111 | Temple   | Entered the Ecumenical Temple
  8322 | Temple   | Became a worshipper of Hepliaklqana the Forgotten
  8480 | D:7      | Reached skill level 6 in Dodging
  9175 | D:8      | Noticed a cyclops
  9189 | D:8      | Killed a cyclops
  9289 | D:8      | Reached skill level 8 in Armour
  9289 | D:8      | Reached XP level 10. HP: 88/88 MP: 9/9
  9328 | D:8      | Noticed a cyclops
  9332 | D:8      | Noticed an orc knight
  9338 | D:8      | Killed a cyclops
  9339 | D:8      | Reached skill level 8 in Fighting
  9339 | D:8      | Reached skill level 8 in Shields
  9349 | D:8      | a two-headed ogre comes into view. It is wielding the +10
                  | dark maul {vorpal} and a +0 giant spiked club.
  9349 | D:8      | Noticed a two-headed ogre
  9350 | D:8      | Killed an orc knight
  9460 | D:8      | Killed a two-headed ogre
  9461 | D:8      | Reached skill level 8 in Axes
  9461 | D:8      | Reached skill level 6 in Throwing
  9461 | D:8      | Reached skill level 7 in Dodging
  9700 | D:8      | HP: 20/90 [gnoll/+0 spear (3)]
  9705 | D:8      | HP: 11/90 [poisoned by a gnoll sergeant]
  9710 | D:8      | HP: 7/90 [poisoned by a gnoll sergeant]
 10713 | D:9      | Reached * piety under Hepliaklqana
 10860 | D:9      | Identified a +2 robe of the Archmagi
 10860 | D:9      | Noticed Erica
 10875 | D:9      | Killed Erica
 10876 | D:9      | Reached skill level 9 in Armour
 10932 | D:9      | Reached skill level 9 in Shields
 10946 | D:9      | Reached skill level 9 in Fighting
 10957 | D:9      | Reached XP level 11. HP: 77/87 MP: 10/10
 11256 | D:10     | Entered Level 10 of the Dungeon
 11285 | D:10     | Reached skill level 8 in Dodging
 11287 | D:10     | Reached skill level 9 in Axes
 11492 | D:9      | Reached skill level 7 in Throwing
 11748 | D:10     | Found Hainuq's Armour Emporium.
 11827 | D:10     | Bought a +2 pair of gloves for 231 gold pieces
 11947 | D:10     | Found a staircase to the Lair.
 12451 | D:10     | Reached ** piety under Hepliaklqana
 12464 | D:10     | Reached skill level 10 in Shields
 12622 | D:10     | Reached skill level 10 in Armour
 12943 | D:11     | Found a staircase to the Orcish Mines.
 12963 | D:11     | Reached skill level 10 in Fighting
 13057 | D:11     | HP: 19/89 [cyclops/large rock (39)]
 13504 | D:11     | Found Yngaung's Book Emporium.
 13514 | D:11     | Reached skill level 10 in Axes
 13533 | D:11     | Noticed a red ugly thing
 13544 | D:11     | Killed a red ugly thing
 13545 | D:11     | Reached skill level 9 in Dodging
 13722 | D:11     | Noticed a two-headed ogre
 13738 | D:11     | Killed a two-headed ogre
 13890 | D:11     | Reached XP level 12. HP: 89/96 MP: 11/11
 15412 | D:12     | Noticed a boulder beetle
 15432 | D:12     | Killed a boulder beetle
 15455 | D:12     | Noticed Fannar
 15486 | D:12     | Killed Fannar
 15487 | D:12     | Reached skill level 11 in Shields
 15735 | D:12     | Reached skill level 11 in Armour
 15857 | D:12     | Noticed a boulder beetle
 15868 | D:12     | Killed a boulder beetle
 15869 | D:12     | Reached skill level 11 in Fighting
 16314 | D:12     | You pick up a book of Scorching and begin reading...
 16314 | D:12     | You add the spells Scorch, Flame Wave and Summon Cactus
                  | Giant to your library.
 16350 | D:12     | Noticed a boulder beetle
 16361 | D:12     | Killed a boulder beetle
 16362 | D:12     | Reached skill level 11 in Axes
 16371 | D:12     | Reached skill level 10 in Dodging
 16556 | D:12     | Noticed Nessos
 16571 | D:12     | Killed Nessos
 16599 | D:12     | Noticed Sonja
 16616 | D:12     | Killed Sonja
 17183 | D:12     | Noticed Nergalle
 17293 | D:12     | Killed Nergalle
 17772 | Lair:1   | Entered Level 1 of the Lair of Beasts
 18001 | Lair:1   | Reached *** piety under Hepliaklqana
 18363 | Lair:1   | Identified the +2 robe of Besillaumi {Rampage rF+ rCorr
                  | SInv}
 18661 | Lair:1   | Reached XP level 13. HP: 94/105 MP: 12/12
 18728 | Lair:1   | Reached skill level 12 in Armour
 18728 | Lair:1   | Reached skill level 12 in Shields
 18760 | Lair:1   | Reached skill level 12 in Fighting
 19288 | Lair:2   | Reached **** piety under Hepliaklqana
 19521 | Lair:2   | Found a staircase to the Shoals.
 19853 | Lair:2   | Reached skill level 12 in Axes
 20132 | Lair:2   | Reached skill level 11 in Dodging
 20451 | Lair:2   | magus.rc [v1.9.6]
 20781 | Lair:3   | Noticed Urug
 20928 | Lair:2   | Killed Urug
 21178 | Lair:3   | Noticed Rupert
 21243 | Lair:4   | magus.rc [v1.9.6]
 21274 | Lair:4   | You pick up a book of Power and begin reading...
 21274 | Lair:4   | You add the spells Iskenderun's Battlesphere, Iron Shot and
                  | Spellforged Servitor to your library.
 21321 | Lair:4   | Reached ***** piety under Hepliaklqana
 22623 | Lair:5   | Reached skill level 13 in Armour
 22713 | Lair:5   | Reached skill level 13 in Shields
 22794 | Lair:5   | magus.rc [v1.9.6]
 23277 | Lair:6   | Entered Level 6 of the Lair of Beasts
 23293 | Lair:6   | Reached skill level 13 in Fighting
 23581 | Lair:6   | Reached skill level 13 in Axes
 23611 | Lair:6   | HP: 25/109 [three-headed hydra (7)]
 23613 | Lair:6   | Reached XP level 14. HP: 27/116 MP: 13/13
 24107 | Lair:6   | Found a runed translucent door.
 24195 | Lair:6   | HP: 29/116 [torpor snail (9)]
 24197 | Lair:6   | Paralysed by a hornet for 1 turns
 24765 | Lair:6   | Paralysed by a hornet for 1 turns
 25255 | Lair:6   | Reached skill level 14 in Armour
 25452 | Lair:6   | Reached skill level 14 in Fighting
 25656 | Lair:6   | Reached skill level 14 in Axes
 25665 | Lair:6   | HP: 21/118 [polar bear (12)]
 26707 | Lair:6   | Found a viscous altar of Jiyva.
 26707 | Lair:6   | Found a staircase to the Slime Pits.
 26768 | Slime:1  | Entered Level 1 of the Pits of Slime
 26894 | Shoals:1 | Entered Level 1 of the Shoals
 27475 | Shoals:1 | Noticed a kraken
 27838 | Shoals:1 | Killed a kraken
 27839 | Shoals:1 | Reached skill level 15 in Armour
 28262 | Shoals:2 | Noticed Ilsuiw
 28278 | Shoals:2 | HP: 28/119 [merfolk javelineer/silver javelin (10)]
 28281 | Shoals:2 | HP: 1/119 [merfolk impaler/+4 antimagic trident (16)]
 28369 | Shoals:1 | HP: 5/119 [merfolk aquamancer/torrent of water (22)]
 28369 | Shoals:1 | Collided with a rock wall

Vanquished Creatures
  A kraken (Shoals:1)
  Nessos (D:12)
  A merfolk impaler (Shoals:1)
  Fannar (D:12)
  5 hydras
  5 boulder beetles
  A merfolk aquamancer (Shoals:1)
  Erica (D:9)
  2 two-headed ogres
  Urug (Lair:2)
  Nergalle (D:12)
  Sonja (D:12)
  3 skeletal warriors
  A lindwurm (Lair:6)
  An orc knight (D:8)
  A deep elf pyromancer (D:12)
  4 cyclopes
  An ugly thing (D:11)
  An oklob plant (Lair:4)
  A manticore (D:12)
  5 elephants (Lair:6)
  A merfolk siren (Shoals:1)
  2 black mambas
  2 molten gargoyles (D:12)
  A gargoyle (D:12)
  5 torpor snails (Lair:6)
  14 cane toads
  6 komodo dragons
  2 rime drakes
  2 trolls
  9 hornets
  Grinder (D:4)
  4 merfolk (Shoals:1)
  10 polar bears (Lair:6)
  4 tyrant leeches (Lair:6)
  Prince Ribbit (D:5)
  7 dream sheep
  3 raiju (Lair:6)
  7 blink frogs
  2 snapping turtles (Shoals:1)
  4 shadows
  A vampire (D:12)
  3 water elementals (Shoals:1)
  3 wraiths
  41 yaks
  9 wyverns
  5 basilisks
  2 steam dragons
  Eustachio (D:5)
  3 vampire mosquitoes (D:10)
  10 hell hounds (Lair:6)
  6 wargs (Lair:6)
  2 acid dragons
  14 water moccasins
  14 black bears
  4 orc warriors
  An ice beast (D:7)
  5 ogres
  4 centaurs
  25 wolves
  3 phantoms
  9 bullfrogs
  2 gnoll sergeants
  4 scorpions
  A wyvern zombie (D:6)
  A troll zombie (D:11)
  8 killer bees
  4 wights (D:10)
  2 howler monkeys
  A centaur zombie (D:9)
  3 bullfrog zombies (D:6)
  4 lava snakes (D:12)
  3 hounds
  5 orc priests
  4 centaur skeletons
  4 bullfrog skeletons
  Natasha (thrice) (D:4)
  3 iguanas
  8 orc wizards
  7 ogre zombies (D:11)
  A hound zombie (D:5)
  A hound skeleton (D:4)
  2 howler monkey zombies (D:6)
  A howler monkey skeleton (D:6)
  8 gnolls
  4 adders
  3 worms
  3 dart slugs
  18 orcs
  8 bats
  8 endoplasms
  5 giant cockroaches
  3 goblins
  8 hobgoblins
  3 quokkas
  7 ball pythons
  4 frilled lizards
  2 goblin skeletons (D:11)
  2 goblin zombies (D:11)
  2 hobgoblin skeletons (D:11)
  3 hobgoblin zombies (D:11)
  7 kobolds
  An orc skeleton (D:11)
  13 orc zombies (D:11)
  5 rats
  3 tentacles (Shoals:1)
483 creatures vanquished.

Vanquished Creatures (collateral kills)
  A skeletal warrior (D:12)
  A manticore (Shoals:1)
  A black mamba (Lair:5)
  An elephant (Lair:6)
  A torpor snail (Lair:6)
  3 cane toads
  A hornet (Lair:6)
  3 blink frogs
  A dream sheep (Lair:6)
  A wyvern (D:11)
  8 yaks
  3 acid dragons
  5 water moccasins
  2 hell hounds (Lair:6)
  A black bear (Lair:6)
  9 wolves
  2 bullfrogs
  A howler monkey (D:12)
  A lava snake (D:12)
  A hobgoblin zombie (D:11)
  An orc zombie (D:11)
48 creatures vanquished.

Vanquished Creatures (others)
  24 ancestors
  28 fungi
  71 plants
  13 tentacles (Shoals:1)
  A withered plant (D:6)
137 creatures vanquished.

Grand Total: 668 creatures vanquished

Table legend:
 A = Non-vault XP
 B = Vault XP
 C = Vault XP percentage of total XP
 D = Non-vault monster count
 E = Vault monster count
 F = Vault count percentage of total count
                 A         B        C        D         E       F
            +---------+---------+-------+---------+---------+-------
      Total |   62263 |   34920 |  35.9 |     345 |     183 |  34.7
            +---------+---------+-------+---------+---------+-------
        D:1 |      18 |       0 |   0.0 |      12 |       0 |   0.0
        D:2 |      47 |      18 |  27.7 |      19 |       9 |  32.1
        D:3 |     146 |       0 |   0.0 |      12 |       0 |   0.0
        D:4 |     341 |     322 |  48.6 |      22 |       2 |   8.3
        D:5 |     644 |     646 |  50.1 |      13 |       6 |  31.6
        D:6 |     754 |     483 |  39.0 |       9 |      12 |  57.1
        D:7 |    1422 |       0 |   0.0 |      24 |       0 |   0.0
        D:8 |    1068 |    2516 |  70.2 |      19 |       4 |  17.4
        D:9 |    2870 |     839 |  22.6 |      20 |       1 |   4.8
       D:10 |    2765 |    2366 |  46.1 |      21 |      13 |  38.2
       D:11 |    5120 |     635 |  11.0 |      18 |      36 |  66.7
       D:12 |    8120 |    4596 |  36.1 |      18 |      11 |  37.9
     Lair:1 |    5563 |     838 |  13.1 |      21 |       4 |  16.0
     Lair:2 |    8188 |    1156 |  12.4 |      42 |       3 |   6.7
     Lair:3 |     226 |       0 |   0.0 |       2 |       0 |   0.0
     Lair:4 |    5867 |     193 |   3.2 |      17 |       1 |   5.6
     Lair:5 |    3210 |       0 |   0.0 |      10 |       0 |   0.0
     Lair:6 |   11966 |   16583 |  58.1 |      36 |      74 |  67.3
   Shoals:1 |    3928 |    3729 |  48.7 |      10 |       7 |  41.2
            +---------+---------+-------+---------+---------+-------

Illustrated notes

Table legend:
 A = Kills in this place as a percentage of kills in entire the game.
 B = Kills by you in this place as a percentage of kills by you in the entire game.
 C = Kills by friends in this place as a percentage of kills by friends in the entire game.
 D = Other kills in this place as a percentage of other kills in the entire game.
 E = Experience gained in this place as a percentage of experience gained in the entire game.
 F = Experience gained in this place divided by the number of levels of this place that you have seen.
                   A       B       C       D       E      F
               +-------+-------+-------+-------+-------+----------------------
         Total | 100.0 | 100.0 | 100.0 |   N/A | 100.0 | 4417.4
       Dungeon |  57.0 |  60.0 |  27.1 |   N/A |  36.8 | 2978.0
          Lair |  39.8 |  36.7 |  70.8 |   N/A |  55.3 | 8965.0
        Shoals |   3.2 |   3.3 |   2.1 |   N/A |   7.9 | 3828.5
               +-------+-------+-------+-------+-------+----------------------

Table legend: (Time is in decaauts)
 A = Elapsed time spent in this place.
 B = Non-inter-level travel time spent in this place.
 C = Inter-level travel time spent in this place.
 D = Time resting spent in this place.
 E = Time spent auto-exploring this place.
 F = Levels seen in this place.
 G = Mean time per level.
                   A        B        C        D        E       F      G
               +--------+--------+--------+--------+--------+-----+--------+
         Total |  28560 |  27719 |    841 |   8931 |   6226 |  22 | 1298.2 |
       Dungeon |  17603 |  17115 |    488 |   4742 |   5029 |  12 | 1466.9 |
        Temple |    259 |    259 |      0 |      0 |    191 |   1 |  259.0 |
          Lair |   9226 |   8873 |    353 |   3529 |   1003 |   6 | 1537.7 |
        Shoals |   1469 |   1469 |      0 |    660 |      2 |   2 |  734.5 |
    Slime Pits |      1 |      1 |      0 |      0 |      0 |   1 |    1.0 |
               +--------+--------+--------+--------+--------+-----+--------+

Top non-repeatable levels by time:
  Lair:6: 3184 daAuts
    D:12: 2747 daAuts
     D:6: 2220 daAuts
    D:11: 1978 daAuts
  Lair:2: 1660 daAuts
     D:7: 1542 daAuts
  Lair:1: 1503 daAuts
    D:10: 1468 daAuts
Shoals:1: 1409 daAuts
     D:8: 1388 daAuts
  Lair:4: 1329 daAuts
     D:5: 1281 daAuts
  Lair:5: 1255 daAuts
     D:4: 1201 daAuts
     D:2: 1178 daAuts
